 Dungeon Crawl Stone Soup version 0.28-a0-630-g0357d9c091 (webtiles) character file.

Game seed: 1165936449819507513

30 Colgate the Ducker (level 3, -3/28 HPs)
             Began as a Djinni Warper on Oct 9, 2021.
             Was a Follower of Okawaru.
             Slain by a gnoll (7 damage)
             ... on level 1 of the Dungeon.
             The game lasted 00:11:38 (2179 turns).

Colgate the Ducker (Djinni Warper)                  Turns: 2179, Time: 00:11:39

Health: -3/28      AC:  3    Str: 10    XL:     3   Next: 35%
Gold:   60         EV: 14    Int: 15    God:    Okawaru [*.....] SH:  0 Dex: 12

rFire   + + .      SeeInvis .   a - +0 falchion
rCold   x . .      Faith    .   (no shield)
rNeg    . . .      Spirit   .   b - +0 leather armour
rPois   ∞          Reflect  .   (no helmet)
rElec   .          Harm     .   (no cloak)
rCorr   .          Rampage  .   (no gloves)
Will    .....                   (boots unavailable)
Stlth   +++.......              (no amulet)
HPRegen 0.09/turn               (no ring)
MPRegen 0.00/turn               (no ring)

@: heroic, flying
A: sickness immunity, fire resistance 2, cold vulnerability 1, float, innate
caster, hp casting, extra vitality 1
a: Renounce Religion, Heroism


You were on level 1 of the Dungeon.
You worshipped Okawaru.
Okawaru was aware of your devotion.
You visited 1 branch of the dungeon, and saw 2 of its levels.

You collected 60 gold pieces.

Inventory:

Hand Weapons
 a - a +0 falchion (weapon)
Missiles
 d - 5 boomerangs of dispersal (quivered)
 f - 73 stones
Armour
 b - a +0 leather armour (worn)
 h - a +0 helmet
Scrolls
 c - 2 scrolls of blinking
 e - a scroll of teleportation {unknown}
 g - a scroll of fear {unknown}


   Skills:
 - Level 2.0(7.0) Fighting
 - Level 2.0(7.0) Long Blades
 - Level 0.7(5.7) Throwing
 + Level 2.1(7.1) Armour
 - Level 3.0(8.0) Dodging
 - Level 2.4 Spellcasting


You couldn't memorise any spells.
You knew the following spells:

 Your Spells              Type           Power      Damage    Failure   Level
a - Blink                 Tloc           N/A        N/A       16%         2
b - Lesser Beckoning      Tloc           9%         N/A       30%         3
c - Gell's Gravitas       Tloc           4%         N/A       30%         3
d - Teleport Other        Tloc           9%         N/A       30%         3
e - Manifold Assault      Tloc           9%         N/A       95%         5
f - Animate Skeleton      Necr           18%        N/A       10%         1
Your spell library was empty.

Dungeon Overview and Level Annotations

Branches:
Dungeon (2/15)

Altars:
Okawaru


Innate Abilities, Weirdness & Mutations

You are immune to sickness and miasma.
You are immune to poison.
Your flesh is very heat resistant. (rF++)
You are vulnerable to cold. (rC-)
You float through the air rather than walking.
You learn spells naturally, not from books.
Your magical power is your life essence.
You have superior vitality. (+4 HP)


Message History

The hobgoblin closely misses you.
You closely miss the hobgoblin. The hobgoblin barely misses you.
The gnoll shouts!
You hit the hobgoblin.
The hobgoblin is severely wounded.
The hobgoblin barely misses you.
The hobgoblin hits you but does no damage.
You fly upwards.
There is a stone staircase leading down here.
The hobgoblin closely misses you.
You hit the hobgoblin.
You kill the hobgoblin!
Okawaru accepts your kill. The gnoll closely misses you.
Items here: $ ? [ †.
You gain the combat prowess of a mighty hero.
The gnoll misses you. The gnoll completely misses you.
You hit the gnoll but do no damage. The gnoll closely misses you.
You closely miss the gnoll. The gnoll hits you with a +0 halberd!
You hit the gnoll.
The gnoll is lightly wounded.
The gnoll misses you.
You hit the gnoll but do no damage.
The gnoll is lightly wounded.
The gnoll misses you.
You hit the gnoll but do no damage.
The gnoll is lightly wounded.
The gnoll closely misses you.
You hit the gnoll but do no damage.
The gnoll is lightly wounded.
The gnoll hits you with a +0 halberd.
You hit the gnoll but do no damage.
The gnoll is lightly wounded.
The gnoll hits you with a +0 halberd!
* * * LOW HITPOINT WARNING * * *
You hit the gnoll.
The gnoll is severely wounded.
The gnoll hits you with a +0 halberd!
You die...

########## ##...##...##
##..........##
#............#
#....>....>..#
#............#
#######.....@g...##
####..........##>....##
##....###############..#
...#### ##.# #### #.#
#.# #####.## #.g....#
########## #.####.#


You could see a gnoll.

Vanquished Creatures
  A dart slug (D:2)
  3 ball pythons
  3 endoplasms (D:1)
  A giant cockroach (D:2)
  2 goblins (D:1)
  3 hobgoblins (D:1)
  2 jackals (D:1)
  A quokka (D:2)
  6 bats
  A frilled lizard (D:1)
  A kobold (D:2)
  A rat (D:1)
25 creatures vanquished.

Notes
Turn   | Place    | Note
-------+----------+-------------------------------------------
     0 | D:1      | Colgate the Djinni Warper began the quest for the Orb.
     0 | D:1      | Reached XP level 1. HP: 18/18 MP: 0/0
   248 | D:1      | Reached XP level 2. HP: 23/23 MP: 0/0
   509 | D:1      | Reached skill level 3 in Dodging
   705 | D:1      | Found a faded altar of an unknown god.
   814 | D:1      | Became a worshipper of Warmaster Okawaru
   814 | D:1      | Reached * piety under Okawaru
  1378 | D:1      | Found an iron altar of Okawaru.
  1509 | D:2      | Reached XP level 3. HP: 22/28 MP: 0/0
  1509 | D:2      | Learned a level 1 spell: Animate Skeleton
  2179 | D:1      | Slain by a gnoll

Illustrated notes

Levels and vault maps discovered:
D:1:      dpeg_arrival_tiny_h, layout_rooms, hellmonk_ecumenical_altar_lost_god
D:2:      layout_basic, basic_altar

Skill      XL: |  1  2  3 |
---------------+----------+-----
Long Blades    | 2 |  2.0
Dodging        | 3 |  3.0
Armour         | 2 |  2.1
Fighting       | |  2.0
Throwing       | |  0.7
Spellcasting   | |  2.4

Action                   || total
-------------------------++-------
Melee: Falchion          ||    87
 Cast: Blink             ||     2
Invok: Heroism           ||     1
Armor: Leather armour    ||    32
Dodge: Dodged            ||    76

Table legend: (Time is in decaauts)
 A = Elapsed time spent in this place.
 B = Non-inter-level travel time spent in this place.
 C = Inter-level travel time spent in this place.
 D = Time resting spent in this place.
 E = Time spent auto-exploring this place.
 F = Levels seen in this place.
 G = Mean time per level.
                   A        B        C        D        E       F      G
               +--------+--------+--------+--------+--------+-----+--------+
         Total |   2195 |   2166 |     29 |    153 |   1374 |   2 | 1097.5 |
       Dungeon |   2195 |   2166 |     29 |    153 |   1374 |   2 | 1097.5 |
               +--------+--------+--------+--------+--------+-----+--------+

Top non-repeatable levels by time:
     D:1: 1593 daAuts
     D:2: 602 daAuts
